AoeStats
← [GDL] HANNIBAL

Lombardia

508383914Analyzed
4v4 RM · 11d ago on Sep 22, 2026· 59m 24s· 8 players
Game mode
Random Map
Map size
Large (8 player)
Population
200
Speed
Normal
Resources
Standard
Victory
Conquest
Starting age
Dark Age
Ending age
Imperial Age
RankedLock teamsTeams togetherTeam positionsShared explorationLock speedFull tech treeHidden civsTurbo modeCheats
Victory
Defeat
🇦🇷 Vikings · Argentina
1406
+15
🇲🇽 Huns · Mexico
1385
+16
🇷🇺 Mongols · Russia
1380
+17
🇺🇸 Hindustanis · United States
1372
+17
🇮🇳 Magyars · India
1486
-19
🇳🇨 Mongols · New Caledonia
1379
-16
🇩🇪 Maya · Germany
1358
-15
🇻🇳 Franks · Vietnam
1349
-15
DEMLOUDBOYZ
9:17 Feudal Age
10:22 Double-Bit Axe
13:49 Forging
14:44 Scale Barding Armor
17:15 Bloodlines
21:40 Castle Age
19:56 Gold Mining
21:30 Horse Collar
21:41 Light Cavalry
22:41 Bow Saw
23:00 Chain Barding Armor
22:53 Husbandry
24:45 Wheelbarrow
24:47 Loom
29:13 Gold Shaft Mining
30:19 Iron Casting
35:12 Imperial Age
33:51 Ballistics
33:27 Fletching
35:27 Heavy Camel Rider
36:46 Plate Barding Armor
36:53 Stone Mining
38:06 Two-Man Saw
37:08 Heavy Plow
37:28 Hand Cart
38:34 Chemistry
39:17 Blast Furnace
39:34 Masonry
38:52 Hussar
38:54 Imperial Camel Rider
40:11 Bodkin Arrow
40:42 Conscription
41:06 Grand Trunk Road
45:13 Siege Engineers
45:04 Murder Holes
51:36 Caravan
53:40 Stone Shaft Mining
60:03 Fortified Wall
[GDL] HANNIBAL
7:00 Loom
9:18 Feudal Age
15:32 Horse Collar
18:03 Double-Bit Axe
21:28 Castle Age
21:48 Bloodlines
22:36 Bow Saw
23:33 Scale Barding Armor
23:39 Forging
24:40 Husbandry
25:04 Gold Mining
25:43 Light Cavalry
28:15 Town Watch
29:23 Fletching
30:28 Chain Barding Armor
31:17 Wheelbarrow
31:54 Bodkin Arrow
31:59 Padded Archer Armor
35:58 Iron Casting
36:28 Heavy Plow
38:27 Hand Cart
38:30 Leather Archer Armor
38:41 Ballistics
40:57 Imperial Age
41:01 Coinage
41:48 Town Patrol
42:44 Plate Barding Armor
41:32 Cavalier
44:05 Blast Furnace
43:08 Bracer
43:41 Paladin
45:11 Caravan
46:01 Conscription
46:36 Hussar
51:39 Parthian Tactics
51:21 Thumb Ring
54:16 Heavy Cavalry Archer
58:05 Two-Man Saw
Martin Eden
7:10 Loom
8:57 Feudal Age
11:05 Double-Bit Axe
15:00 Forging
17:19 Bloodlines
23:25 Castle Age
21:42 Stone Mining
22:06 Scale Barding Armor
22:27 Fletching
23:32 Padded Archer Armor
24:06 Bodkin Arrow
24:50 Horse Collar
25:08 Gold Mining
30:27 Leather Archer Armor
31:27 Wheelbarrow
32:37 Chain Barding Armor
35:52 Ballistics
40:08 Imperial Age
38:12 Husbandry
40:29 Gold Shaft Mining
40:48 Iron Casting
39:50 Light Cavalry
41:11 Bracer
42:20 Chemistry
41:09 Elite Mangudai
42:51 Conscription
42:54 Bow Saw
45:16 Blast Furnace
46:09 Hand Cart
45:17 Hussar
56:03 Caravan
PistonForjado
7:14 Loom
10:22 Feudal Age
15:04 Fletching
15:56 Horse Collar
17:39 Padded Archer Armor
17:55 Double-Bit Axe
23:16 Castle Age
21:48 Gold Mining
23:19 Crossbowman
23:54 Bodkin Arrow
24:37 Leather Archer Armor
24:36 Bow Saw
25:35 Ballistics
29:05 Heavy Plow
30:27 Town Watch
30:37 Stone Mining
38:32 Imperial Age
38:47 Arbalester
39:27 Bracer
40:33 Chemistry
41:15 Ring Archer Armor
42:28 Bogsveigar
44:53 Murder Holes
46:54 Conscription
48:08 Fortified Wall
50:55 Scale Mail Armor
51:05 Forging
53:32 Caravan
54:03 Coinage
57:04 Masonry
57:30 Hoardings
57:50 Chain Mail Armor
58:10 Iron Casting
58:18 Treadmill Crane
59:09 Architecture
fux
0:26 Loom
10:26 Feudal Age
14:21 Fletching
15:28 Double-Bit Axe
15:54 Horse Collar
22:05 Castle Age
22:08 Crossbowman
22:54 Thumb Ring
23:02 Bodkin Arrow
25:15 Bow Saw
25:40 Gold Mining
28:37 Wheelbarrow
27:48 Town Watch
30:57 Ballistics
34:49 Imperial Age
34:16 Hand Cart
37:00 Chemistry
36:04 Bracer
36:05 Padded Archer Armor
37:45 Elite Plumed Archer
38:48 Conscription
38:43 Stone Mining
40:00 Leather Archer Armor
43:05 Hoardings
43:14 Pikeman
43:55 Squires
43:58 Scale Mail Armor
44:09 Forging
45:07 Chain Mail Armor
46:39 Plate Mail Armor
46:51 Forging
47:12 Ring Archer Armor
46:21 Halberdier
47:56 Fortified Wall
47:52 Arson
48:20 Forging
50:27 Caravan
53:15 Iron Casting
54:03 Eagle Warrior
55:45 Blast Furnace
55:20 Holcans
SySeN_
10:45 Feudal Age
10:53 Loom
15:00 Castle Age
13:23 Double-Bit Axe
15:48 Fletching
17:50 Padded Archer Armor
18:39 Horse Collar
19:34 Bodkin Arrow
24:06 Bloodlines
27:02 Husbandry
29:09 Wheelbarrow
29:46 Leather Archer Armor
31:51 Heavy Plow
35:44 Imperial Age
33:49 Hand Cart
35:06 Gold Mining
36:28 Ballistics
36:46 Gold Shaft Mining
36:02 Stone Mining
36:24 Bow Saw
36:59 Conscription
36:48 Bracer
37:34 Elite Mangudai
41:28 Chemistry
40:36 Scale Barding Armor
40:42 Forging
41:47 Parthian Tactics
41:29 Thumb Ring
40:51 Light Cavalry
42:03 Drill
41:05 Capped Ram
42:41 Town Watch
42:43 Siege Ram
46:14 Hussar
47:17 Chain Barding Armor
47:32 Iron Casting
Dark_Shelly
11:41 Feudal Age
12:59 Loom
16:27 Castle Age
15:31 Double-Bit Axe
15:56 Fletching
21:29 Town Watch
22:58 Bow Saw
23:10 Horse Collar
25:12 Heavy Plow
25:37 Stone Mining
26:24 Gold Mining
27:20 Wheelbarrow
28:53 Bodkin Arrow
29:38 Ballistics
30:41 Hand Cart
30:34 Padded Archer Armor
30:27 Treadmill Crane
32:07 Leather Archer Armor
32:31 Gold Shaft Mining
38:36 Imperial Age
36:43 Bloodlines
36:34 Husbandry
36:42 Corvinian Army
37:17 Thumb Ring
38:40 Heavy Cavalry Archer
39:22 Bracer
39:32 Recurve Bow
39:54 Conscription
40:06 Parthian Tactics
40:16 Ring Archer Armor
40:53 Chemistry
40:47 Coinage
40:18 Caravan
41:35 Town Patrol
43:39 Banking
44:14 Two-Man Saw
43:46 Crop Rotation
46:03 Masonry
46:00 Siege Engineers
45:50 Murder Holes
51:08 Scale Barding Armor
VN_BILL
6:14 Loom
9:29 Feudal Age
10:24 Double-Bit Axe
13:10 Forging
14:08 Scale Barding Armor
25:56 Castle Age
24:40 Gold Mining
26:05 Wheelbarrow
26:05 Light Cavalry
26:45 Husbandry
27:06 Chain Barding Armor
27:22 Iron Casting
26:58 Bow Saw
30:05 Gold Shaft Mining
31:12 Fletching
31:22 Padded Archer Armor
33:01 Hand Cart
34:11 Bodkin Arrow
42:37 Imperial Age
42:49 Cavalier
44:06 Plate Barding Armor
44:31 Blast Furnace
44:11 Leather Archer Armor
44:28 Paladin
50:07 Town Watch
50:36 Pikeman
51:17 Squires
51:02 Arson
51:18 Scale Mail Armor
51:27 Halberdier
52:44 Chain Mail Armor
52:51 Ballistics
53:32 Chemistry
54:00 Plate Mail Armor
Connection lost

Rejoining the realm…

Still unreachable

The connection could not be restored.

Session expired

The server has moved on; the page needs a fresh start.